Workbook

Sheet Lists
A1: VAT Timing
A2: Accrual (invoice date)
A3: Cash (payment date)

Sheet Inputs
B2: Forecast Start (1st of month) | C2: 01/11/2025 | E2: Customer receipts lag (months) | F2: 1
B3: VAT Rate | C3: 0.2 | E3: Supplier payments lag (months) | F3: 1
B4: Initial Cash Balance | C4: 0
B5: VAT timing | C5: Accrual (invoice date)
A7: Monthly Assumptions
A8: Month | B8: Sales (ex VAT) | C8: Other income (non-VAT) | D8: Cost of sales (ex VAT) | E8: Opex (ex VAT) | F8: Capex (ex VAT) | G8: Opex VATable % | H8: COS VATable %
A9: =EDATE($C$2,0) | B9: 5000 | C9: 0 | D9: 2000 | E9: 1800 | F9: 0 | G9: 1 | H9: 1
A10: =EDATE($C$2,1) | B10: 5000 | C10: 0 | D10: 2000 | E10: 1800 | F10: 0 | G10: 1 | H10: 1
A11: =EDATE($C$2,2) | B11: 5000 | C11: 0 | D11: 2000 | E11: 1800 | F11: 0 | G11: 1 | H11: 1
A12: =EDATE($C$2,3) | B12: 5000 | C12: 0 | D12: 2000 | E12: 1800 | F12: 0 | G12: 1 | H12: 1
A13: =EDATE($C$2,4) | B13: 5000 | C13: 0 | D13: 2000 | E13: 1800 | F13: 0 | G13: 1 | H13: 1
A14: =EDATE($C$2,5) | B14: 5000 | C14: 0 | D14: 2000 | E14: 1800 | F14: 0 | G14: 1 | H14: 1
A15: =EDATE($C$2,6) | B15: 5000 | C15: 0 | D15: 2000 | E15: 1800 | F15: 0 | G15: 1 | H15: 1
A16: =EDATE($C$2,7) | B16: 5000 | C16: 0 | D16: 2000 | E16: 1800 | F16: 0 | G16: 1 | H16: 1
A17: =EDATE($C$2,8) | B17: 5000 | C17: 0 | D17: 2000 | E17: 1800 | F17: 0 | G17: 1 | H17: 1
A18: =EDATE($C$2,9) | B18: 5000 | C18: 0 | D18: 2000 | E18: 1800 | F18: 0 | G18: 1 | H18: 1
A19: =EDATE($C$2,10) | B19: 5000 | C19: 0 | D19: 2000 | E19: 1800 | F19: 0 | G19: 1 | H19: 1
A20: =EDATE($C$2,11) | B20: 5000 | C20: 0 | D20: 2000 | E20: 1800 | F20: 0 | G20: 1 | H20: 1

Sheet Monthly
A3: Guidance:
A4: Cash receipts/payments are modelled ex VAT; VAT cash impact is shown separately based on timing (Accrual vs Cash).
A5: Real VAT is settled quarterly/monthly with HMRC — this model estimates monthly VAT impact for planning.
A6: Adjust lags and VATable % to reflect your business reality.
A8: Month | B8: Sales ex VAT | C8: Other income | D8: COS ex VAT | E8: Opex ex VAT | F8: Capex ex VAT | G8: Opex VATable % | H8: COS VATable % | I8: Cash receipts | J8: Cash payments (ex VAT) | K8: VAT out (est.) | L8: VAT in (est.) | M8: VAT payment/(refund) | N8: Net cash flow | O8: Cash balance
A9: =Inputs!A9 | B9: =Inputs!B9 | C9: =Inputs!C9 | D9: =Inputs!D9 | E9: =Inputs!E9 | F9: =Inputs!F9 | G9: =Inputs!G9 | H9: =Inputs!H9 | I9: =IF(Inputs!$F$2=0,B9,IF(ROW()<9+Inputs!$F$2,0,OFFSET(B9,-Inputs!$F$2,0))) + C9 | J9: =IF(Inputs!$F$3=0,(D9+E9),IF(ROW()<9+Inputs!$F$3,0,OFFSET(D9,-Inputs!$F$3,0)+OFFSET(E9,-Inputs!$F$3,0))) + F9 | K9: =IF(Inputs!$C$5="Accrual (invoice date)",B9*Inputs!$C$3,IF(Inputs!$F$2=0,B9*Inputs!$C$3,IF(ROW()<9+Inputs!$F$2,0,OFFSET(B9,-Inputs!$F$2,0)*Inputs!$C$3))) | L9: =IF(Inputs!$C$5="Accrual (invoice date)",(E9*G9+D9*H9)*Inputs!$C$3,IF(Inputs!$F$3=0,(E9*G9+D9*H9)*Inputs!$C$3,IF(ROW()<9+Inputs!$F$3,0,(OFFSET(E9,-Inputs!$F$3,0)*OFFSET(G9,-Inputs!$F$3,0)+OFFSET(D9,-Inputs!$F$3,0)*OFFSET(H9,-Inputs!$F$3,0))*Inputs!$C$3))) | M9: =K9-L9 | N9: =I9-J9-M9 | O9: =Inputs!$C$4+N9
A10: =Inputs!A10 | B10: =Inputs!B10 | C10: =Inputs!C10 | D10: =Inputs!D10 | E10: =Inputs!E10 | F10: =Inputs!F10 | G10: =Inputs!G10 | H10: =Inputs!H10 | I10: =IF(Inputs!$F$2=0,B10,IF(ROW()<9+Inputs!$F$2,0,OFFSET(B10,-Inputs!$F$2,0))) + C10 | J10: =IF(Inputs!$F$3=0,(D10+E10),IF(ROW()<9+Inputs!$F$3,0,OFFSET(D10,-Inputs!$F$3,0)+OFFSET(E10,-Inputs!$F$3,0))) + F10 | K10: =IF(Inputs!$C$5="Accrual (invoice date)",B10*Inputs!$C$3,IF(Inputs!$F$2=0,B10*Inputs!$C$3,IF(ROW()<9+Inputs!$F$2,0,OFFSET(B10,-Inputs!$F$2,0)*Inputs!$C$3))) | L10: =IF(Inputs!$C$5="Accrual (invoice date)",(E10*G10+D10*H10)*Inputs!$C$3,IF(Inputs!$F$3=0,(E10*G10+D10*H10)*Inputs!$C$3,IF(ROW()<9+Inputs!$F$3,0,(OFFSET(E10,-Inputs!$F$3,0)*OFFSET(G10,-Inputs!$F$3,0)+OFFSET(D10,-Inputs!$F$3,0)*OFFSET(H10,-Inputs!$F$3,0))*Inputs!$C$3))) | M10: =K10-L10 | N10: =I10-J10-M10 | O10: =O9+N10
A11: =Inputs!A11 | B11: =Inputs!B11 | C11: =Inputs!C11 | D11: =Inputs!D11 | E11: =Inputs!E11 | F11: =Inputs!F11 | G11: =Inputs!G11 | H11: =Inputs!H11 | I11: =IF(Inputs!$F$2=0,B11,IF(ROW()<9+Inputs!$F$2,0,OFFSET(B11,-Inputs!$F$2,0))) + C11 | J11: =IF(Inputs!$F$3=0,(D11+E11),IF(ROW()<9+Inputs!$F$3,0,OFFSET(D11,-Inputs!$F$3,0)+OFFSET(E11,-Inputs!$F$3,0))) + F11 | K11: =IF(Inputs!$C$5="Accrual (invoice date)",B11*Inputs!$C$3,IF(Inputs!$F$2=0,B11*Inputs!$C$3,IF(ROW()<9+Inputs!$F$2,0,OFFSET(B11,-Inputs!$F$2,0)*Inputs!$C$3))) | L11: =IF(Inputs!$C$5="Accrual (invoice date)",(E11*G11+D11*H11)*Inputs!$C$3,IF(Inputs!$F$3=0,(E11*G11+D11*H11)*Inputs!$C$3,IF(ROW()<9+Inputs!$F$3,0,(OFFSET(E11,-Inputs!$F$3,0)*OFFSET(G11,-Inputs!$F$3,0)+OFFSET(D11,-Inputs!$F$3,0)*OFFSET(H11,-Inputs!$F$3,0))*Inputs!$C$3))) | M11: =K11-L11 | N11: =I11-J11-M11 | O11: =O10+N11
A12: =Inputs!A12 | B12: =Inputs!B12 | C12: =Inputs!C12 | D12: =Inputs!D12 | E12: =Inputs!E12 | F12: =Inputs!F12 | G12: =Inputs!G12 | H12: =Inputs!H12 | I12: =IF(Inputs!$F$2=0,B12,IF(ROW()<9+Inputs!$F$2,0,OFFSET(B12,-Inputs!$F$2,0))) + C12 | J12: =IF(Inputs!$F$3=0,(D12+E12),IF(ROW()<9+Inputs!$F$3,0,OFFSET(D12,-Inputs!$F$3,0)+OFFSET(E12,-Inputs!$F$3,0))) + F12 | K12: =IF(Inputs!$C$5="Accrual (invoice date)",B12*Inputs!$C$3,IF(Inputs!$F$2=0,B12*Inputs!$C$3,IF(ROW()<9+Inputs!$F$2,0,OFFSET(B12,-Inputs!$F$2,0)*Inputs!$C$3))) | L12: =IF(Inputs!$C$5="Accrual (invoice date)",(E12*G12+D12*H12)*Inputs!$C$3,IF(Inputs!$F$3=0,(E12*G12+D12*H12)*Inputs!$C$3,IF(ROW()<9+Inputs!$F$3,0,(OFFSET(E12,-Inputs!$F$3,0)*OFFSET(G12,-Inputs!$F$3,0)+OFFSET(D12,-Inputs!$F$3,0)*OFFSET(H12,-Inputs!$F$3,0))*Inputs!$C$3))) | M12: =K12-L12 | N12: =I12-J12-M12 | O12: =O11+N12
A13: =Inputs!A13 | B13: =Inputs!B13 | C13: =Inputs!C13 | D13: =Inputs!D13 | E13: =Inputs!E13 | F13: =Inputs!F13 | G13: =Inputs!G13 | H13: =Inputs!H13 | I13: =IF(Inputs!$F$2=0,B13,IF(ROW()<9+Inputs!$F$2,0,OFFSET(B13,-Inputs!$F$2,0))) + C13 | J13: =IF(Inputs!$F$3=0,(D13+E13),IF(ROW()<9+Inputs!$F$3,0,OFFSET(D13,-Inputs!$F$3,0)+OFFSET(E13,-Inputs!$F$3,0))) + F13 | K13: =IF(Inputs!$C$5="Accrual (invoice date)",B13*Inputs!$C$3,IF(Inputs!$F$2=0,B13*Inputs!$C$3,IF(ROW()<9+Inputs!$F$2,0,OFFSET(B13,-Inputs!$F$2,0)*Inputs!$C$3))) | L13: =IF(Inputs!$C$5="Accrual (invoice date)",(E13*G13+D13*H13)*Inputs!$C$3,IF(Inputs!$F$3=0,(E13*G13+D13*H13)*Inputs!$C$3,IF(ROW()<9+Inputs!$F$3,0,(OFFSET(E13,-Inputs!$F$3,0)*OFFSET(G13,-Inputs!$F$3,0)+OFFSET(D13,-Inputs!$F$3,0)*OFFSET(H13,-Inputs!$F$3,0))*Inputs!$C$3))) | M13: =K13-L13 | N13: =I13-J13-M13 | O13: =O12+N13
A14: =Inputs!A14 | B14: =Inputs!B14 | C14: =Inputs!C14 | D14: =Inputs!D14 | E14: =Inputs!E14 | F14: =Inputs!F14 | G14: =Inputs!G14 | H14: =Inputs!H14 | I14: =IF(Inputs!$F$2=0,B14,IF(ROW()<9+Inputs!$F$2,0,OFFSET(B14,-Inputs!$F$2,0))) + C14 | J14: =IF(Inputs!$F$3=0,(D14+E14),IF(ROW()<9+Inputs!$F$3,0,OFFSET(D14,-Inputs!$F$3,0)+OFFSET(E14,-Inputs!$F$3,0))) + F14 | K14: =IF(Inputs!$C$5="Accrual (invoice date)",B14*Inputs!$C$3,IF(Inputs!$F$2=0,B14*Inputs!$C$3,IF(ROW()<9+Inputs!$F$2,0,OFFSET(B14,-Inputs!$F$2,0)*Inputs!$C$3))) | L14: =IF(Inputs!$C$5="Accrual (invoice date)",(E14*G14+D14*H14)*Inputs!$C$3,IF(Inputs!$F$3=0,(E14*G14+D14*H14)*Inputs!$C$3,IF(ROW()<9+Inputs!$F$3,0,(OFFSET(E14,-Inputs!$F$3,0)*OFFSET(G14,-Inputs!$F$3,0)+OFFSET(D14,-Inputs!$F$3,0)*OFFSET(H14,-Inputs!$F$3,0))*Inputs!$C$3))) | M14: =K14-L14 | N14: =I14-J14-M14 | O14: =O13+N14
A15: =Inputs!A15 | B15: =Inputs!B15 | C15: =Inputs!C15 | D15: =Inputs!D15 | E15: =Inputs!E15 | F15: =Inputs!F15 | G15: =Inputs!G15 | H15: =Inputs!H15 | I15: =IF(Inputs!$F$2=0,B15,IF(ROW()<9+Inputs!$F$2,0,OFFSET(B15,-Inputs!$F$2,0))) + C15 | J15: =IF(Inputs!$F$3=0,(D15+E15),IF(ROW()<9+Inputs!$F$3,0,OFFSET(D15,-Inputs!$F$3,0)+OFFSET(E15,-Inputs!$F$3,0))) + F15 | K15: =IF(Inputs!$C$5="Accrual (invoice date)",B15*Inputs!$C$3,IF(Inputs!$F$2=0,B15*Inputs!$C$3,IF(ROW()<9+Inputs!$F$2,0,OFFSET(B15,-Inputs!$F$2,0)*Inputs!$C$3))) | L15: =IF(Inputs!$C$5="Accrual (invoice date)",(E15*G15+D15*H15)*Inputs!$C$3,IF(Inputs!$F$3=0,(E15*G15+D15*H15)*Inputs!$C$3,IF(ROW()<9+Inputs!$F$3,0,(OFFSET(E15,-Inputs!$F$3,0)*OFFSET(G15,-Inputs!$F$3,0)+OFFSET(D15,-Inputs!$F$3,0)*OFFSET(H15,-Inputs!$F$3,0))*Inputs!$C$3))) | M15: =K15-L15 | N15: =I15-J15-M15 | O15: =O14+N15
A16: =Inputs!A16 | B16: =Inputs!B16 | C16: =Inputs!C16 | D16: =Inputs!D16 | E16: =Inputs!E16 | F16: =Inputs!F16 | G16: =Inputs!G16 | H16: =Inputs!H16 | I16: =IF(Inputs!$F$2=0,B16,IF(ROW()<9+Inputs!$F$2,0,OFFSET(B16,-Inputs!$F$2,0))) + C16 | J16: =IF(Inputs!$F$3=0,(D16+E16),IF(ROW()<9+Inputs!$F$3,0,OFFSET(D16,-Inputs!$F$3,0)+OFFSET(E16,-Inputs!$F$3,0))) + F16 | K16: =IF(Inputs!$C$5="Accrual (invoice date)",B16*Inputs!$C$3,IF(Inputs!$F$2=0,B16*Inputs!$C$3,IF(ROW()<9+Inputs!$F$2,0,OFFSET(B16,-Inputs!$F$2,0)*Inputs!$C$3))) | L16: =IF(Inputs!$C$5="Accrual (invoice date)",(E16*G16+D16*H16)*Inputs!$C$3,IF(Inputs!$F$3=0,(E16*G16+D16*H16)*Inputs!$C$3,IF(ROW()<9+Inputs!$F$3,0,(OFFSET(E16,-Inputs!$F$3,0)*OFFSET(G16,-Inputs!$F$3,0)+OFFSET(D16,-Inputs!$F$3,0)*OFFSET(H16,-Inputs!$F$3,0))*Inputs!$C$3))) | M16: =K16-L16 | N16: =I16-J16-M16 | O16: =O15+N16
A17: =Inputs!A17 | B17: =Inputs!B17 | C17: =Inputs!C17 | D17: =Inputs!D17 | E17: =Inputs!E17 | F17: =Inputs!F17 | G17: =Inputs!G17 | H17: =Inputs!H17 | I17: =IF(Inputs!$F$2=0,B17,IF(ROW()<9+Inputs!$F$2,0,OFFSET(B17,-Inputs!$F$2,0))) + C17 | J17: =IF(Inputs!$F$3=0,(D17+E17),IF(ROW()<9+Inputs!$F$3,0,OFFSET(D17,-Inputs!$F$3,0)+OFFSET(E17,-Inputs!$F$3,0))) + F17 | K17: =IF(Inputs!$C$5="Accrual (invoice date)",B17*Inputs!$C$3,IF(Inputs!$F$2=0,B17*Inputs!$C$3,IF(ROW()<9+Inputs!$F$2,0,OFFSET(B17,-Inputs!$F$2,0)*Inputs!$C$3))) | L17: =IF(Inputs!$C$5="Accrual (invoice date)",(E17*G17+D17*H17)*Inputs!$C$3,IF(Inputs!$F$3=0,(E17*G17+D17*H17)*Inputs!$C$3,IF(ROW()<9+Inputs!$F$3,0,(OFFSET(E17,-Inputs!$F$3,0)*OFFSET(G17,-Inputs!$F$3,0)+OFFSET(D17,-Inputs!$F$3,0)*OFFSET(H17,-Inputs!$F$3,0))*Inputs!$C$3))) | M17: =K17-L17 | N17: =I17-J17-M17 | O17: =O16+N17
A18: =Inputs!A18 | B18: =Inputs!B18 | C18: =Inputs!C18 | D18: =Inputs!D18 | E18: =Inputs!E18 | F18: =Inputs!F18 | G18: =Inputs!G18 | H18: =Inputs!H18 | I18: =IF(Inputs!$F$2=0,B18,IF(ROW()<9+Inputs!$F$2,0,OFFSET(B18,-Inputs!$F$2,0))) + C18 | J18: =IF(Inputs!$F$3=0,(D18+E18),IF(ROW()<9+Inputs!$F$3,0,OFFSET(D18,-Inputs!$F$3,0)+OFFSET(E18,-Inputs!$F$3,0))) + F18 | K18: =IF(Inputs!$C$5="Accrual (invoice date)",B18*Inputs!$C$3,IF(Inputs!$F$2=0,B18*Inputs!$C$3,IF(ROW()<9+Inputs!$F$2,0,OFFSET(B18,-Inputs!$F$2,0)*Inputs!$C$3))) | L18: =IF(Inputs!$C$5="Accrual (invoice date)",(E18*G18+D18*H18)*Inputs!$C$3,IF(Inputs!$F$3=0,(E18*G18+D18*H18)*Inputs!$C$3,IF(ROW()<9+Inputs!$F$3,0,(OFFSET(E18,-Inputs!$F$3,0)*OFFSET(G18,-Inputs!$F$3,0)+OFFSET(D18,-Inputs!$F$3,0)*OFFSET(H18,-Inputs!$F$3,0))*Inputs!$C$3))) | M18: =K18-L18 | N18: =I18-J18-M18 | O18: =O17+N18
A19: =Inputs!A19 | B19: =Inputs!B19 | C19: =Inputs!C19 | D19: =Inputs!D19 | E19: =Inputs!E19 | F19: =Inputs!F19 | G19: =Inputs!G19 | H19: =Inputs!H19 | I19: =IF(Inputs!$F$2=0,B19,IF(ROW()<9+Inputs!$F$2,0,OFFSET(B19,-Inputs!$F$2,0))) + C19 | J19: =IF(Inputs!$F$3=0,(D19+E19),IF(ROW()<9+Inputs!$F$3,0,OFFSET(D19,-Inputs!$F$3,0)+OFFSET(E19,-Inputs!$F$3,0))) + F19 | K19: =IF(Inputs!$C$5="Accrual (invoice date)",B19*Inputs!$C$3,IF(Inputs!$F$2=0,B19*Inputs!$C$3,IF(ROW()<9+Inputs!$F$2,0,OFFSET(B19,-Inputs!$F$2,0)*Inputs!$C$3))) | L19: =IF(Inputs!$C$5="Accrual (invoice date)",(E19*G19+D19*H19)*Inputs!$C$3,IF(Inputs!$F$3=0,(E19*G19+D19*H19)*Inputs!$C$3,IF(ROW()<9+Inputs!$F$3,0,(OFFSET(E19,-Inputs!$F$3,0)*OFFSET(G19,-Inputs!$F$3,0)+OFFSET(D19,-Inputs!$F$3,0)*OFFSET(H19,-Inputs!$F$3,0))*Inputs!$C$3))) | M19: =K19-L19 | N19: =I19-J19-M19 | O19: =O18+N19
A20: =Inputs!A20 | B20: =Inputs!B20 | C20: =Inputs!C20 | D20: =Inputs!D20 | E20: =Inputs!E20 | F20: =Inputs!F20 | G20: =Inputs!G20 | H20: =Inputs!H20 | I20: =IF(Inputs!$F$2=0,B20,IF(ROW()<9+Inputs!$F$2,0,OFFSET(B20,-Inputs!$F$2,0))) + C20 | J20: =IF(Inputs!$F$3=0,(D20+E20),IF(ROW()<9+Inputs!$F$3,0,OFFSET(D20,-Inputs!$F$3,0)+OFFSET(E20,-Inputs!$F$3,0))) + F20 | K20: =IF(Inputs!$C$5="Accrual (invoice date)",B20*Inputs!$C$3,IF(Inputs!$F$2=0,B20*Inputs!$C$3,IF(ROW()<9+Inputs!$F$2,0,OFFSET(B20,-Inputs!$F$2,0)*Inputs!$C$3))) | L20: =IF(Inputs!$C$5="Accrual (invoice date)",(E20*G20+D20*H20)*Inputs!$C$3,IF(Inputs!$F$3=0,(E20*G20+D20*H20)*Inputs!$C$3,IF(ROW()<9+Inputs!$F$3,0,(OFFSET(E20,-Inputs!$F$3,0)*OFFSET(G20,-Inputs!$F$3,0)+OFFSET(D20,-Inputs!$F$3,0)*OFFSET(H20,-Inputs!$F$3,0))*Inputs!$C$3))) | M20: =K20-L20 | N20: =I20-J20-M20 | O20: =O19+N20
A21: TOTALS | I21: =SUM(I9:I20) | J21: =SUM(J9:J20) | K21: =SUM(K9:K20) | L21: =SUM(L9:L20) | M21: =SUM(M9:M20) | N21: =SUM(N9:N20) | O21: =SUM(O9:O20)

Sheet Summary
B2: 12‑Month Cashflow Forecast
B4: VAT timing note: | C4: Set on Inputs!C5 → "Accrual (invoice date)" or "Cash (payment date)".
B6: Key metrics
B7: Total cash receipts | C7: =Monthly!N21*0+SUM(Monthly!I9:I20)
B8: Total cash payments (ex VAT) | C8: =SUM(Monthly!J9:J20)
B9: Total VAT paid/(refunded) | C9: =SUM(Monthly!M9:M20)
B10: Net cash movement | C10: =SUM(Monthly!N9:N20)
B11: Closing cash balance | C11: =Monthly!O20
